 Dungeon Crawl Stone Soup version 0.29.1-15-g9cfb28693d (webtiles) character file.

Game seed: 261179861818306269

22117 Kes the Protected (level 12, -10/110 HPs)
             Began as a Minotaur Fighter on Apr 18, 2023.
             Mangled by a salamander
             ... wielding a +1 glaive of venom
              (11 damage)
             ... on level 2 of the Lair of Beasts.
             The game lasted 01:28:12 (13503 turns).

Kes the Protected (Minotaur Fighter)               Turns: 13503, Time: 01:28:13

Health: -10/110    AC: 35    Str: 32    XL:     12   Next: 60%
Magic:  11/11      EV: 11    Int:  5    God:
Gold:   1021       SH: 17    Dex: 16    Spells: 11/11 levels left

rFire   . . .      SeeInvis .   X - +2 morningstar (protect)
rCold   + . .      Faith    .   q - +0 kite shield "Ydaklef" {Will+ Regen+}
rNeg    . . .      Spirit   .   I - +7 chain mail of Mumblety Peg {rCorr}
rPois   .          Reflect  +   A - +2 hat
rElec   .          Harm     .   E - scarf {repulsion}
rCorr   +          Rampage  .   R - +1 pair of gloves
Will    +....                   y - +3 pair of mountain boots {steadfast, rC+}
Stlth   ..........              t - amulet of reflection
HPRegen 1.08/turn               l - +6 ring of strength
MPRegen 0.12/turn               o - +6 ring of dexterity

@: lethally poisoned (-10 -> -14), under a protective aura, repel missiles
A: horns 2, retaliatory headbutt
a: no special abilities


You were on level 2 of the Lair of Beasts.
You visited 4 branches of the dungeon, and saw 16 of its levels.
You also visited: Sewer.

You collected 1463 gold pieces.
You spent 442 gold pieces at shops.

Inventory:

Hand Weapons
 p - a +0 dire flail
 C - a +6 whip of electrocution
 Q - a +2 trident
 X - a +2 morningstar of protection (weapon)
Missiles
 c - 4 curare-tipped darts
 s - 10 poisoned darts
 w - 10 javelins
 B - 9 atropa-tipped darts
Armour
 n - a +2 troll leather armour {Pargi}
 q - the +0 kite shield "Ydaklef" (worn) {Will+ Regen+}
   (You bought it in a shop on level 11 of the Dungeon)

   Regen:     It increases your rate of health regeneration.
   Will:      It increases your willpower.
 y - the +3 pair of mountain boots (worn) {steadfast, rC+}
   (You found it on level 3 of the Dungeon)

   It prevents involuntary movement, except for blinking, teleportation, or
   banishment.
   rC:        It protects you from cold.
 A - a +2 hat (worn)
 E - a scarf of repulsion (worn)
 I - the +7 chain mail of Mumblety Peg (worn) {rCorr}
   (You found it on level 5 of the Dungeon)

   rCorr:     It protects you from acid and corrosion.
 N - the +0 chain mail of Starshine {Fly rC- Will- Int+8}
   (You found it on level 8 of the Dungeon)

   Int:       It affects your intelligence (+8).
   rC:        It makes you vulnerable to cold.
   Fly:       It grants you flight.
   Will:      It decreases your willpower.
 R - a +1 pair of gloves (worn)
Jewellery
 l - a +6 ring of strength (left hand)
 o - a +6 ring of dexterity (right hand)
 t - an amulet of reflection (around neck)
Wands
 a - a wand of roots (1)
 d - a wand of mindburst (4)
 g - a wand of paralysis (13)
 V - a wand of flame (1) (quivered)
Scrolls
 e - 3 scrolls of magic mapping
 f - 6 scrolls of teleportation
 i - 2 scrolls of butterflies
 k - 2 scrolls of blinking
 F - 2 scrolls of noise
 G - a scroll of fear {unknown}
 H - a scroll of summoning {unknown}
 L - a scroll of vulnerability {unknown}
 W - a scroll of poison {unknown}
Potions
 b - 4 potions of haste
 j - a potion of heal wounds
 m - a potion of resistance {unknown}
 r - a potion of brilliance {unknown}
 v - 3 potions of mutation {unknown}
 z - 5 potions of attraction
 D - 3 potions of curing
 K - a potion of berserk rage {unknown}
 M - 2 potions of magic {unknown}
 P - a potion of ambrosia {unknown}
 T - a potion of lignification {unknown}
Miscellaneous
 u - a lightning rod (4/4)


   Skills:
 + Level 11.0 Fighting
 - Level 12.0 Maces & Flails
 + Level 6.1 Polearms
 + Level 5.8 Throwing
 + Level 13.1 Armour
 + Level 5.7 Dodging
 + Level 1.7 Stealth
 + Level 10.7 Shields
 + Level 2.2 Evocations


You had 11 spell levels left.
You didn't know any spells.
Your spell library contained the following spells:

 Spells                   Type           Power      Damage    Failure   Level
 Poisonous Vapours        Pois/Air       0%         N/A       99%         2
 Tukima's Dance           Hex            0%         N/A       100%        3
 Corpse Rot               Necr/Pois/Air  0%         N/A       100%        4
 Passage of Golubria      Tloc           0%         N/A       100%        4
 Lightning Bolt           Conj/Air       0%         1d11      100%        5
 Metabolic Englaciation   Hex/Ice        0%         N/A       100%        5
 Yara's Violent Unravell  Hex/Tmut       0%         3d3       100%        5
 Storm Form               Tmut/Air       0%         N/A       100%        7


Dungeon Overview and Level Annotations

Branches:
Dungeon (11/15)            Temple (0/1) D:5            Lair (2/5) D:11
  Snake (1/4) Lair:2          Orc (2/2) D:10          Sewer (visited)
  Swamp: Lair:2-3    Shoals: Lair:2-3       Elf: Orc:2

Altars:
Dithmenos
Elyvilon
Kikubaaqudgha
Makhleb
Okawaru
Qazlal
Ru
Trog
Uskayaw
Xom

Shops:
D:3 ?   D:8 :   D:9 :*(:   D:10 (   D:11 *:((   Orc:1 :


Innate Abilities, Weirdness & Mutations

You have a pair of horns on your head.
You reflexively headbutt those who attack you in melee.


Message History

The naga mage spits poison at you.
The splash of poison is repelled.
The naga mage constricts you. You block the salamander's attack.
You thump the naga mage!
You kill the naga mage!
You feel sick. You block the salamander's attack. The naga spits poison at you.
The splash of poison misses you.
You feel sick. You block the salamander's attack.
You see here a +0 flail.
You feel sick. The naga spits poison at you.
The splash of poison is repelled.
The salamander barely misses you.
Items here: ! ) [ †.
You feel sick.
The salamander hits you but does no damage.
You are more poisoned.
You feel very sick.
The salamander hits you with a +1 glaive of venom.
* * * LOW HITPOINT WARNING * * *
You are engulfed in flames!
* * * LOW HITPOINT WARNING * * *
You are lethally poisoned!
There is a staircase back to the Lair here.
* * * LOW HITPOINT WARNING * * *
You feel very sick. You block the salamander's attack.
You climb upwards.
Welcome back to the Lair of Beasts!
* * * LOW HITPOINT WARNING * * *
You feel extremely sick.
There is a staircase to the Snake Pit here.
You impale the salamander!!
Your weapon exudes an aura of protection.
The salamander is heavily wounded.
* * * LOW HITPOINT WARNING * * *
You feel very sick.
The salamander hits you with a +1 glaive of venom.
* * * LOW HITPOINT WARNING * * *
You are engulfed in flames!
You die...

..##..'................'....##...
.#######P.....P#.....P##....##...
.#### ##......~.......##....##...
....###.#....~~~~~~.P###.....##..
.............~~~~~~~.~##....#.#..
...........~~~~~~.~~~.##.........
...........~~~~...P~~~...........
...........~~....P..~~...........
...........~~...@...~~.......P#..
...........~~...N.~.~~........#..
...#..#..#.~~~P....~~~...........
..#######...~~~...~~~.##.....#...
..#.....##...~~~~~~~.###.....##..
...#.....#....~~~~~...##.....##..
..P#......>............'.....##..
...#.........)...#..).##.....#...
..##.!..##..........P.#.......#..


You could see a salamander.

Vanquished Creatures
  Josephine (Snake:1)
  2 two-headed ogres
  Lodul (D:10)
  A cyclops (D:11)
  A salamander (Snake:1)
  Joseph (D:7)
  2 black mambas
  A naga mage (Snake:1)
  3 rime drakes
  A komodo dragon (Lair:2)
  8 cane toads
  Maggie (D:9)
  2 trolls
  2 hornets
  3 blink frogs (Lair:1)
  2 shadows (D:11)
  28 yaks
  5 wraiths
  4 wyverns
  3 basilisks
  Grum (D:8)
  A steam dragon (D:7)
  2 vampire mosquitoes (D:10)
  2 wargs (Orc:1)
  6 nagas
  7 water moccasins
  6 orc warriors
  An ice beast (D:8)
  Pargi (Sewer)
  A black bear (D:8)
  8 wolves
  9 ogres (D:10)
  A centaur (D:5)
  4 kobold brigands
  3 bullfrogs
  A necrophage (D:5)
  2 scorpions (D:4)
  6 wights
  3 killer bees (D:7)
  6 howler monkeys
  8 orc priests
  7 hounds
  A gnoll bouda (D:7)
  3 iguanas
  3 iron imps (D:9)
  Ijyb (D:3)
  12 orc wizards
  3 gnolls (D:7)
  9 adders
  2 river rats (D:5)
  A white imp (D:7)
  2 worms (D:4)
  4 dart slugs
  51 orcs
  5 endoplasms
  4 giant cockroaches
  3 goblins
  3 hobgoblins
  3 jackals (D:1)
  26 kobolds
  6 quokkas
  5 ball pythons
  7 bats
  2 frilled lizards
  8 rats
322 creatures vanquished.

Vanquished Creatures (others)
  6 fungi
  4 plants (Lair:2)
10 creatures vanquished.

Grand Total: 332 creatures vanquished

Notes
Turn   | Place    | Note
-------+----------+-------------------------------------------
     0 | D:1      | Kes the Minotaur Fighter began the quest for the Orb.
     0 | D:1      | Reached XP level 1. HP: 19/19 MP: 0/0
   125 | D:1      | Reached XP level 2. HP: 18/27 MP: 1/1
   267 | D:1      | Reached skill level 4 in Armour
   277 | D:1      | Found a faded altar of an unknown god.
   763 | D:1      | Reached XP level 3. HP: 33/33 MP: 2/2
  1752 | D:3      | Reached XP level 4. HP: 40/40 MP: 3/3
  1805 | D:3      | Identified the +8 spear of the Wicked God {vorpal, Int+4
                  | Stlth+}
  2000 | D:3      | Found a shadowy altar of Dithmenos.
  2126 | D:3      | Found a stormy altar of Qazlal.
  2376 | D:3      | Found Loggomn's Magic Scroll Boutique.
  2397 | D:3      | Bought a scroll of enchant weapon for 105 gold pieces
  2426 | D:3      | Found the +3 pair of mountain boots {steadfast, rC+}
  2460 | D:3      | Noticed Ijyb
  2476 | D:3      | Killed Ijyb
  2477 | D:3      | Reached XP level 5. HP: 9/47 MP: 4/4
  2938 | D:4      | Reached skill level 1 in Dodging
  2995 | D:4      | Reached skill level 5 in Polearms
  2995 | D:4      | Reached skill level 5 in Armour
  3146 | D:4      | Reached XP level 6. HP: 53/53 MP: 5/5
  3358 | D:4      | Found a sacrificial altar of Ru.
  3656 | D:5      | Entered Level 5 of the Dungeon
  3730 | D:5      | Reached skill level 1 in Maces & Flails
  3757 | D:5      | Reached XP level 7. HP: 45/60 MP: 6/6
  3901 | D:5      | Reached skill level 6 in Armour
  4033 | D:5      | Found a staircase to the Ecumenical Temple.
  4075 | D:5      | Found a glowing drain.
  4122 | Sewer    | Entered a sewer
  4199 | Sewer    | Noticed Pargi
  4203 | Sewer    | Killed Pargi
  4204 | Sewer    | Reached skill level 5 in Fighting
  4252 | Sewer    | Reached skill level 1 in Throwing
  4390 | D:5      | Identified the +7 chain mail of Mumblety Peg {rCorr}
  4911 | D:6      | Reached XP level 8. HP: 69/69 MP: 7/7
  4964 | D:6      | Reached skill level 5 in Maces & Flails
  5063 | D:6      | Found an ancient bone altar of Kikubaaqudgha.
  5762 | D:6      | Found a hide-covered altar of Uskayaw.
  5926 | D:7      | Found an iron altar of Okawaru.
  5930 | D:7      | Reached skill level 7 in Armour
  6012 | D:7      | Reached skill level 5 in Shields
  6225 | D:7      | Noticed Joseph
  6244 | D:7      | Killed Joseph
  6245 | D:7      | Reached skill level 1 in Stealth
  6245 | D:7      | Reached XP level 9. HP: 39/75 MP: 8/8
  6658 | D:7      | Reached skill level 8 in Armour
  7118 | D:8      | Noticed a two-headed ogre
  7125 | D:8      | Killed a two-headed ogre
  7325 | D:8      | Identified the +0 chain mail of Starshine {Fly rC- Will-
                  | Int+8}
  7390 | D:8      | Reached skill level 9 in Armour
  7453 | D:8      | Found Heisch's Book Shop.
  7471 | D:8      | Reached XP level 10. HP: 84/84 MP: 9/9
  7499 | D:8      | Found a bloodstained altar of Trog.
  7546 | D:8      | Noticed Grum
  7554 | D:8      | Reached skill level 10 in Maces & Flails
  7573 | D:8      | Killed Grum
  7697 | D:9      | Found Fisyiget's General Store.
  7698 | D:9      | Found Ynoygen's Book Shop.
  7701 | D:9      | Found Tikilocka's Book Shop.
  7703 | D:9      | Found Ihauleum's Antique Weapon Shop.
  7740 | D:9      | Noticed Maggie
  7757 | D:9      | Killed Maggie
  7906 | D:9      | Found a white marble altar of Elyvilon.
  8255 | D:9      | Found a burning altar of Makhleb.
  8709 | D:10     | Entered Level 10 of the Dungeon
  8736 | D:10     | Found a staircase to the Orcish Mines.
  8761 | D:10     | Found Raonug's Weapon Emporium.
  8853 | D:10     | Reached skill level 10 in Armour
  8860 | D:10     | Reached skill level 5 in Throwing
  9032 | D:10     | Found a shimmering altar of Xom.
  9032 | D:10     | Found a shimmering altar of Xom.
  9032 | D:10     | Found a shimmering altar of Xom.
  9033 | D:10     | Found a shimmering altar of Xom.
  9033 | D:10     | Found a shimmering altar of Xom.
  9033 | D:10     | Found a shimmering altar of Xom.
  9095 | D:10     | Noticed Lodul
  9118 | D:10     | Killed Lodul
  9119 | D:10     | Reached XP level 11. HP: 16/94 MP: 10/10
  9573 | Orc:1    | Entered Level 1 of the Orcish Mines
  9752 | Orc:1    | Found Wyost's Self-Improvement Boutique.
 10052 | Orc:2    | Entered Level 2 of the Orcish Mines
 10054 | Orc:2    | Noticed an orc knight
 10058 | Orc:2    | Noticed an orc knight
 10142 | D:11     | Found Kiguzxuqodd's Book Emporium.
 10161 | D:11     | Found Cohops's Antique Weapon Shop.
 10515 | D:11     | Found Reer's Weapon Emporium.
 10637 | D:11     | Noticed a two-headed ogre
 10647 | D:11     | Killed a two-headed ogre
 10648 | D:11     | Reached skill level 11 in Armour
 10802 | D:11     | Found a staircase to the Lair.
 10954 | D:11     | Found Lioc's General Store.
 10989 | D:11     | Bought a scroll of identify for 32 gold pieces
 10989 | D:11     | Bought a scroll of identify for 32 gold pieces
 10989 | D:11     | Bought the +0 kite shield "Ydaklef" {Will+ Regen+} for 273
                  | gold pieces
 11134 | Lair:1   | Entered Level 1 of the Lair of Beasts
 11211 | Lair:1   | Reached skill level 1 in Evocations
 11645 | Lair:1   | Reached skill level 12 in Armour
 11738 | Lair:1   | Reached skill level 5 in Dodging
 12251 | Lair:1   | Reached XP level 12. HP: 85/105 MP: 11/11
 12316 | Lair:2   | Reached skill level 10 in Fighting
 12508 | Lair:2   | Got Cobat's Volume of the Shivering Zephyr
 12663 | Lair:2   | Found a staircase to the Snake Pit.
 13322 | Snake:1  | Entered Level 1 of the Snake Pit
 13322 | Snake:1  | Noticed Josephine
 13332 | Snake:1  | Killed Josephine
 13333 | Snake:1  | Reached skill level 13 in Armour
 13345 | Lair:2   | Reached skill level 10 in Shields
 13503 | Lair:2   | HP: 4/110 [poisoned by a salamander]
 13503 | Lair:2   | HP: 1/110 [salamander/+1 glaive of venom (3)]
 13503 | Lair:2   | Mangled by a salamander

Illustrated notes

Levels and vault maps discovered:
D:1:      dpeg_arrival_prison, layout_loops_ring,
          hellmonk_ecumenical_altar_pennies_from_heaven
D:2:      layout_loops_ring, serial_aquarium, aquarium_bridge_square
          [aquarium_subvault_bridge, aquarium_subvault_balcony,
          aquarium_subvault_bridge, aquarium_subvault_bridge],
          aquarium_window_fake, aquarium_window_1, aquarium_window_1,
          aquarium_window_corridor_2, aquarium_view_2d, aquarium_view_2f,
          aquarium_balcony_3a
D:3:      wander_river, layout_loops_corners,
          mainiacjoe_overflow_six_doors_small, nicolae_qazlal_general_emergency,
          serial_shops, nicolae_shop_window_shopping, minmay_bisected, uniq_ijyb
D:4:      layout_rooms, kennysheep_mini_moat
D:5:      layout_loops_corners, minmay_temple_entry_wispy, portal_sewer_entry_a
D:6:      layout_basic, overflow_temple_1_default, lemuel_tele_altar
D:7:      layout_basic, amcnicky_altar_gilded, uniq_joseph
D:8:      layout_cave_pools, amethyst_overflow_temple_binary,
          mainiacjoe_overflow_boulevard, serial_shops, shop, uniq_grum
D:9:      layout_irregular_city, elyvilon_altar_1, demons_altar,
          minmay_shop_grid_forest, uniq_maggie
D:10:     layout_big_octagon, xom_redecorated, orc_0_dummy, serial_shops, shop,
          uniq_lodul
D:11:     layout_roguey, david_lair_generic, serial_shops,
          nicolae_lakefront_shop, nicolae_shop_behind_doors, shop_coins, shop
Lair:1:   layout_regular_city
Lair:2:   layout_regular_city, guppyfry_snake_entry_island,
          hangedman_lair_unloving_vines, grunt_forest_small_clearings,
          serial_bayou_pond_d
Snake:1:  layout_concentric_octagons, gammafunk_ghost_abyssal_escape,
          serial_shops, nicolae_shop_trees, guppyfry_library_mini,
          uniq_josephine, uniq_aizul
Orc:1:    layout_caves, serial_shops, nicolae_shop_self_help
Orc:2:    grunt_orc_cross, layout_caves, serial_shops, shop_fountains,
          mines2_david, uniq_donald

Skill      XL: |  1  2  3  4  5  6  7  8  9 10 11 12 |
---------------+-------------------------------------+-----
Armour         | 4 5 6 7 9 10 12 13 | 13.1
Fighting       | 4 5 6 7 9 11 | 11.0
Shields        | 4 5 7 8 10 | 10.7
Polearms       | 3 4 5 6 |  6.1
Dodging        | 1 2 3 4 5 |  5.7
Maces & Flails | 1 4 7 9 11 12 | 12.0
Throwing       | 1 2 3 5 |  5.8
Stealth        | 1 |  1.7
Evocations     | 1 2 |  2.2

Action                   |  1- 3 |  4- 6 |  7- 9 | 10-12 || total
-------------------------+-------+-------+-------+-------++-------
Melee: Trident           |    73 |    49 |       |       ||   122
       Headbutt          |    12 |    20 |    34 |   122 ||   188
       Whip              |       |    54 |   196 |   232 ||   482
       Morningstar       |       |       |       |   286 ||   286
Throw: Dart              |       |     3 |    11 |    35 ||    49
       Throwing net      |       |     1 |       |       ||     1
       Javelin           |       |       |    13 |       ||    13
Evoke: Wand              |       |       |       |    21 ||    21
  Use: Potion            |       |     1 |       |     7 ||     8
       Scroll            |       |       |    12 |    12 ||    24
Armor: Scale mail        |    46 |    44 |     8 |       ||    98
       Troll leather arm |       |       |     8 |       ||     8
       Chain mail        |       |       |    48 |   231 ||   279
Dodge: Dodged            |    42 |    34 |    77 |   192 ||   345
       Repelled          |       |       |     2 |     7 ||     9
Block: Buckler           |    14 |    15 |    46 |    80 ||   155
       Kite shield       |       |       |       |   222 ||   222
       Reflection        |       |       |       |     9 ||     9
